 Dungeon Crawl Stone Soup version 0.19.1 (webtiles) character file.

13 balthal the Caller (level 2, 0/20 HPs)
             Began as a Hill Orc Summoner on Dec 15, 2016.
             Slain by a bat (1 damage)
             ... on level 1 of the Dungeon.
             The game lasted 00:02:44 (376 turns).

balthal the Caller (Hill Orc Summoner)               Turns: 376, Time: 00:02:45

Health: 0/20       AC:  2    Str: 10    XL:     2   Next: 37%
Magic:  1/4        EV: 12    Int: 15    God:
Gold:   0          SH:  0    Dex: 11    Spells: 2 memorised, 1 level left

rFire  . . .     SeeInvis .     f - +0 dagger
rCold  . . .     Gourm    .     a - +0 robe
rNeg   . . .     Faith    .     (no shield)
rPois  .         Spirit   .     (no helmet)
rElec  .         Reflect  .     (no cloak)
rCorr  .         Harm     .     (no gloves)
MR     .....                    (no boots)
Stlth  ++........               (no amulet)
                                (no ring)
                                (no ring)

@: very slightly contaminated, hasted, very quick
A: no striking features
a: no special abilities


You were on level 1 of the Dungeon.
You were not hungry.

You visited 1 branch of the dungeon, and saw 1 of its levels.

Inventory:

Hand Weapons
 f - a +0 dagger (weapon)
Missiles
 d - 4 silver tomahawks (quivered)
Armour
 a - a +0 robe (worn)
Scrolls
 g - a scroll of identify {unknown}
 i - a scroll of random uselessness {unknown}
 j - a scroll of enchant weapon {unknown}
Potions
 h - a potion of lignification {unknown}
Books
 b - a book of Callings

   Spells                             Type                      Level
   a - Summon Small Mammal            Summoning                    1
   b - Call Imp                       Summoning                    2
   c - Call Canine Familiar           Summoning                    3
   d - Summon Guardian Golem          Hexes/Summoning              3
   e - Summon Lightning Spire         Summoning/Air                4
   f - Summon Ice Beast               Ice/Summoning                4
Comestibles
 c - a bread ration


   Skills:
 + Level 0.4 Short Blades
 + Level 1.6 Dodging
 + Level 1.5 Stealth
 + Level 1.6 Spellcasting
 + Level 4.4 Summonings


You had one spell level left.
You knew the following spells:

 Your Spells              Type           Power        Failure   Level  Hunger
a - Summon Small Mammal   Summ           ##..         4%          1    ##.....
b - Call Imp              Summ           ##......     8%          2    ###....


Dungeon Overview and Level Annotations

Branches:
Dungeon (1/15)

Altars:


Message History

Your quokka barely misses the kobold. x2
The bat hits you but does no damage.
Your quokka misses the kobold.
Your magical contamination has completely faded away.
It was a potion of haste.
You feel yourself speed up. The bat hits you but does no damage.
Your quokka bites the kobold but does no damage.
The bat hits you but does no damage.
You are very lightly contaminated with residual magic.
The bat barely misses you. The bat barely misses you.
The bat closely misses you.
Your quokka misses the kobold. The bat misses you.
The bat hits you but does no damage. The bat barely misses you.
The bat hits you but does no damage.
Your quokka barely misses the kobold.
The bat misses you. The bat misses you. The bat completely misses you.
The bat hits you.
You die...

#................#.......######..
#..>..........................##.
#####.......†.....######.####.###
#.......#.....# #.# #.# #
#.......#.....# #.# #.#
#.......#.....# #.# #(#
#.......#.....######.# #.#
#....####.....'....#.####.##
#.#### #...@.####.#.##....## ###
#....b####.#.....#..#
#...(....÷....####...
##.......K.r...+....##
#..........r...######
#................#
#.........###....# #.........#
#....##### #.........# #....#....


You could see a bat, a kobold and a friendly quokka.

Vanquished Creatures
  2 bats (D:1)
  A frilled lizard (D:1)
  2 rats (D:1)
5 creatures vanquished.

Vanquished Creatures (collateral kills)
  2 dart slugs (D:1)
  A leopard gecko (D:1)
  2 hobgoblins (D:1)
  2 goblins (D:1)
  A rat (D:1)
8 creatures vanquished.

Grand Total: 13 creatures vanquished

Notes
Turn   | Place    | Note
-------+----------+-------------------------------------------
     0 | D:1      | balthal the Hill Orc Summoner began the quest for the Orb.
     0 | D:1      | Reached XP level 1. HP: 14/14 MP: 3/3
   150 | D:1      | Reached XP level 2. HP: 18/20 MP: 2/4
   176 | D:1      | Learned a level 2 spell: Call Imp
   350 | D:1      | HP: 1/20 [leopard gecko (4)]
   360 | D:1      | HP: 1/20 [bat (1)]
   376 | D:1      | Slain by a bat

Action                   || total
-------------------------++-------
Melee: Dagger            ||    13
Throw: Tomahawk          ||     3
 Cast: Summon Small Mamm ||    13
       Call Imp          ||     2
  Use: Potion            ||     1
 Stab: Sleeping          ||     1
Armor: Robe              ||    18
Dodge: Dodged            ||    37
